AoeStats
← Thay Crai Yon

Pilgrims

508723407Analyzed
3v3 RM · 10d ago on Sep 23, 2026· 36m 17s· 6 players
Game mode
Random Map
Map size
Normal (6 player)
Population
200
Speed
Normal
Resources
Standard
Victory
Conquest
Starting age
Dark Age
Ending age
Imperial Age
RankedLock teamsTeams togetherTeam positionsShared explorationLock speedFull tech treeHidden civsTurbo modeCheats
Victory
Defeat
🇨🇱 Franks · Chile
1023
+16
🇲🇽 Vikings · Mexico
997
+17
🇧🇾 Turks · Belarus
990
+17
🇫🇷 Franks · France
1054
-18
🇫🇷 Mongols · France
1030
-17
🇫🇷 Celts · France
973
-15
Poten
9:49 Loom
13:17 Feudal Age
14:07 Double-Bit Axe
26:32 Fletching
29:16 Fishing Lines
32:50 Castle Age
32:46 Gold Mining
33:44 Medium Warships
35:23 Gillnets
catstorm
8:10 Loom
13:15 Feudal Age
13:50 Double-Bit Axe
18:31 Castle Age
16:52 Forging
17:47 Scale Barding Armor
21:24 Wheelbarrow
26:00 Fletching
28:02 Bow Saw
34:32 Imperial Age
32:09 Light Cavalry
33:11 Town Watch
36:44 Conscription
36:24 Bodkin Arrow
36:40 Husbandry
Ezer
5:23 Loom
14:18 Feudal Age
15:42 Double-Bit Axe
18:28 Castle Age
16:31 Horse Collar
19:58 Bloodlines
19:48 Husbandry
21:55 Wheelbarrow
22:44 Fletching
Ice Kwak
8:32 Loom
10:36 Feudal Age
11:25 Man-at-Arms
14:20 Wheelbarrow
15:13 Horse Collar
20:05 Castle Age
18:34 Forging
20:04 Scale Mail Armor
20:38 Long Swordsman
Ego59
5:36 Loom
11:45 Feudal Age
13:12 Double-Bit Axe
19:39 Castle Age
18:43 Horse Collar
19:50 Gold Mining
20:34 Medium Warships
21:33 Bow Saw
26:16 Forging
26:25 Padded Archer Armor
27:10 Bloodlines
29:26 Fletching
34:03 Heavy Plow
34:38 Bodkin Arrow
34:59 Leather Archer Armor
Thay Crai Yon
10:04 Loom
12:47 Feudal Age
27:00 Castle Age
30:51 Medium Warships
32:13 Forging
32:09 Scale Barding Armor
31:56 Gold Mining
31:56 Double-Bit Axe
32:32 Husbandry
36:05 Medium Warships
36:15 Medium Warships
Connection lost

Rejoining the realm…

Still unreachable

The connection could not be restored.

Session expired

The server has moved on; the page needs a fresh start.